 Dungeon Sprint DCSS version 0.14-a0-102-g2341383 (console) character file.

2474 Dalvant the Arsonist (level 9, -11/52 HPs)
             Began as a Deep Elf Fire Elementalist on Oct 3, 2013.
             Was a Believer of Vehumet.
             Mangled by a tentacle (20 damage)
             ... attached to a kraken
             ... in the Dungeon (Sprint II: "The Violet Keep of Menkaure").
             The game lasted 00:09:23 (1900 turns).

Dalvant the Arsonist (Deep Elf Fire Elementalist)   Turns: 1900, Time: 00:09:23

HP -11/52        AC  2     Str  5      XL: 9   Next: 11%
MP  28/28        EV 13     Int 24      God: Vehumet [**....]
Gold 304         SH  0     Dex 15      Spells:  3 memorised, 17 levels left

Res.Fire  : . . .   See Invis. : .   (no weapon)
Res.Cold  : . . .   Warding    : .   a - +0 elf robe
Life Prot.: . . .   Conserve   : .   (no shield)
Res.Poison: .       Res.Corr.  : .   (helmet restricted)
Res.Elec. : .       Clarity    : .   (no cloak)
Sust.Abil.: . .     Spirit.Shd : .   h - -1 pair of gloves
Res.Mut.  : .       Prev.Telep.: +   (no boots)
Res.Rott. : .       Flight     : .   (no amulet)
Saprovore : . . .                    (no ring)
                                     (no ring)

@: somewhat resistant to hostile enchantments, fairly stealthy
A: horns 1, spit poison 1, jump 1
a: Jump Attack, Spit Poison, Renounce Religion


You were in the Dungeon.
You worshipped Vehumet.
Vehumet was pleased with you.
You were not hungry.

You visited 1 branch You collected 567 gold pieces.
You spent 283 gold pieces at shops.

Inventory:

Armour
 a - a +0 elven robe (worn)
 h - a -1 pair of gloves (worn)
Comestibles
 c - 2 chokos
 j - 2 bread rations
 k - a snozzcumber
Scrolls
 i - a scroll of blinking
Potions
 d - a potion of curing
 f - a potion of speed
 g - 2 potions of magic
Books
 b - a book of Flames

   Spells                             Type                      Level
   *Flame Tongue                      Conjuration/Fire             1
   Throw Flame                        Conjuration/Fire             2
   Conjure Flame                      Conjuration/Fire             3
   Inner Flame                        Hexes/Fire                   3
   *Sticky Flame                      Conjuration/Fire             4
   *Fireball                          Conjuration/Fire             5


   Skills:
 * Level 7.6 Fighting
 - Level 2.4 Dodging
 + Level 7.0 Stealth
 + Level 9.6 Spellcasting
 * Level 11.3 Conjurations
 + Level 13.7 Fire Magic


You had 17 spell levels left.
You knew the following spells:

 Your Spells              Type           Power        Failure   Level  Hunger
a - Flame Tongue          Conj/Fire      #####        1%          1    None
c - Sticky Flame          Conj/Fire      ######..     1%          4    #......
v - Fireball              Conj/Fire      ######....   1%          5    ###....


Dungeon Overview and Level Annotations

Branches:
Dungeon (1/1)

Altars:
Cheibriados
Elyvilon
Fedhas
Kikubaaqudgha
Makhleb
Nemelex Xobeh
Okawaru
Sif Muna
Trog
Vehumet
Xom
Yredelemnul
Zin
the Shining One
Beogh
Jiyva
Lugonu

Shops:
D ??+*[=+(/[=%+!?!

Annotations:
D exclusion: oklob plant


Innate Abilities, Weirdness & Mutations

You have a pair of small horns on your head.
You can spit poison.
You can jump attack at a short distance.


Message History

Really walk into a travel-excluded area? [Y]es or [N]o only, please.
Really walk into a travel-excluded area?
Okay, then.
Really walk into a travel-excluded area?
There is an open door here.
Things that are here:
an uncursed crossbow; 4 silver bolts You enter the shallow water.
Moving in this stuff is going to be slow.
Tentacles burst out of the water!
You see here a big fish skeleton.
The tentacle slaps you! The tentacle misses you.
A tentacle rises from the water!
The tentacle closely misses you.
You see here a big fish skeleton.
The tentacle slaps you!
* * * LOW HITPOINT WARNING * * *
The tentacle barely misses you. The tentacle barely misses you.
The tentacle slaps you!
You die...

≈ ############≈≈ ###########≈≈≈. ##........#≈≈≈≈.
.. . }#%[?[$? ##...⌠....#≈≈≈≈# .#### +.##.
)#(!?!?(($# ##..∩.∩...#≈≈≈≈# ...# ...#
###)(([[()$## ##.∩.∩.∩..#≈≈### ###..## #.^#
.##?($??(??## ##∩.∩.∩.∩.#≈##.###+# #.##..# +.^#
.##((?!$([(## ##.∩...∩.∩#≈#.#.##<###..#..# #.^#
.##!$)!(??$##
##∩.....∩.'≈+.##'.<.'.##'..####..##.##?[!!![$)##
##.......∩#≈#..###<###..#)(..###...#########+####+#
###########≈##.# #+# #.##...§..≈≈≈≈≈≈≈≈@w%≈≈***Xw≈#
##?%D######≈≈### ###≈≈..§§.≈#'########≈###.ww≈#
#$ss#G$ ##≈≈≈ #§§≈≈≈≈≈..≈#....._._#≈§≈## ≈ #∩P?+".#
+#≈# #≈≈≈≈≈≈≈≈.≈#...._._.#≈§≈≈# #(.$#?## ≈≈
#≈≈≈≈§≈≈≈§§≈#..._._._#§§§§§# #)$.###§
≈≈≈≈≈§≈≈§≈≈≈≈#.._._._.#§§§§≈≈ ##+###
++#≈≈≈≈≈≈≈≈≈#.⌠._._..#§§≈≈≈≈+
##≈≈§###≈§#.._._...#§§§≈§≈# ##≈§#
#≈≈#..._._..#§≈§≈≈≈# #≈≈#...._...#§≈§≈#
≈≈##########≈≈§≈#≈≈ ##≈≈≈≈≈≈≈≈§§≈≈≈#≈
#≈########≈##### ≈ ##


You could see a kraken and 2 tentacles.

Vanquished Creatures
  A plague shambler (D)
  A yaktaur (D)
  A baby alligator (D)
  3 polar bears (D)
  Menkaure (D)
  A yellow wasp (D)
  4 brain worms (D)
  A crocodile (D)
  4 big fish (D)
  4 giant centipedes (D)
  8 tentacles (D)
29 creatures vanquished.

Vanquished Creatures (others)
  43 tentacles (D)
  174 tentacle segments (D)
217 creatures vanquished.

Grand Total: 246 creatures vanquished

Notes
Turn   | Place    | Note
--------------------------------------------------------------
     0 | D        | Dalvant, the Deep Elf Fire Elementalist, began the quest for the Orb.
     0 | D        | Reached XP level 1. HP: 10/10 MP: 4/4
     1 | D        | Noticed a brain worm
     9 | D        | Killed a brain worm
     9 | D        | Reached skill level 4 in Stealth
     9 | D        | Reached skill level 6 in Fire Magic
     9 | D        | Reached XP level 2. HP: 15/15 MP: 0/7
     9 | D        | Reached XP level 3. HP: 19/19 MP: 0/9
     9 | D        | Reached XP level 4. HP: 24/24 MP: 0/12
    96 | D        | Learned a level 4 spell: Sticky Flame
    98 | D        | Noticed a brain worm
   101 | D        | Killed a brain worm
   101 | D        | Reached skill level 8 in Fire Magic
   101 | D        | Reached XP level 5. HP: 29/29 MP: 11/15
   128 | D        | Noticed a brain worm
   128 | D        | Noticed a brain worm
   134 | D        | Killed a brain worm
   134 | D        | Reached skill level 5 in Stealth
   134 | D        | Reached skill level 5 in Conjurations
   134 | D        | Reached skill level 9 in Fire Magic
   138 | D        | Killed a brain worm
   138 | D        | Reached XP level 6. HP: 25/35 MP: 10/18
   235 | D        | Found Smuasiq's Jewellery Boutique.
   235 | D        | Found Aseo's Antique Armour Boutique.
   235 | D        | Found Odik's Book Shop.
   235 | D        | Found Vioniodi's Magic Scroll Boutique.
   236 | D        | Found Qiemosh's Magical Wand Shop.
   236 | D        | Found Toeror's Antique Weapon Shop.
   236 | D        | Found Cuga's Food Shop.
   236 | D        | Found Sikal's Distillery.
   237 | D        | Found Blob Fios' Jewellery Boutique.
   237 | D        | Found Usheets' Book Shop.
   237 | D        | Found Veeniotz's Antique Armour Shop.
   238 | D        | Found Gipog's Distillery.
   238 | D        | Noticed an ice dragon
   239 | D        | Found Shyomyos' General Store.
   239 | D        | Found Etaenonu's Magic Scroll Shop.
   239 | D        | Noticed a baby alligator
   240 | D        | Found Heumm's Magic Scroll Boutique.
   240 | D        | Noticed an oklob plant
   242 | D        | Found Isecafexke's Book Shoppe.
   243 | D        | Noticed a redback
   244 | D        | Noticed a redback
   247 | D        | Noticed a great orb of eyes
   251 | D        | Bought a pair of embroidered gloves for 31 gold pieces
   269 | D        | Noticed Menkaure
   279 | D        | Bought a potion of mutation for 42 gold pieces
   280 | D        | Gained mutation: You have a pair of small horns on your head. [potion of mutation]
   280 | D        | Gained mutation: You can jump attack at a short distance. [potion of mutation]
   280 | D        | Gained mutation: You can spit poison. [potion of mutation]
   299 | D        | Killed a baby alligator
   299 | D        | Reached skill level 5 in Fighting
   299 | D        | Reached skill level 11 in Fire Magic
   301 | D        | Killed Menkaure
   301 | D        | Reached XP level 7. HP: 40/40 MP: 10/21
   302 | D        | Bought a scroll of remove curse for 39 gold pieces
   325 | D        | Reached skill level 5 in Spellcasting
   466 | D        | Learned a level 5 spell: Fireball
   480 | D        | Found a shimmering altar of Xom.
   480 | D        | Found a deep blue altar of Sif Muna.
   481 | D        | Found a sparkling altar of Nemelex Xobeh.
   481 | D        | Found a glowing silver altar of Zin.
   481 | D        | Found a burning altar of Makhleb.
   481 | D        | Found a basalt altar of Yredelemnul.
   481 | D        | Found a corrupted altar of Lugonu.
   482 | D        | Found an ancient bone altar of Kikubaaqudgha.
   482 | D        | Found a radiant altar of Vehumet.
   482 | D        | Found a glowing golden altar of the Shining One.
   482 | D        | Found a snail-covered altar of Cheibriados.
   482 | D        | Found an iron altar of Okawaru.
   482 | D        | Noticed a polar bear
   483 | D        | Noticed a polar bear
   489 | D        | Noticed a crocodile
   497 | D        | Killed a crocodile
   654 | D        | Noticed a yaktaur
   668 | D        | Killed a yaktaur
   668 | D        | Reached skill level 12 in Fire Magic
   878 | D        | Killed a polar bear
   878 | D        | Reached XP level 8. HP: 40/46 MP: 16/25
   931 | D        | Noticed a yellow wasp
   935 | D        | Noticed a polar bear
   938 | D        | Killed a yellow wasp
   947 | D        | Killed a polar bear
   947 | D        | Reached skill level 13 in Fire Magic
  1054 | D        | Noticed a plague shambler
  1055 | D        | Found a blossoming altar of Fedhas.
  1055 | D        | Found a viscous altar of Jiyva.
  1055 | D        | Found a roughly hewn altar of Beogh.
  1056 | D        | Found a white marble altar of Elyvilon.
  1056 | D        | Found a bloodstained altar of Trog.
  1060 | D        | Noticed a big fish
  1061 | D        | Became a worshipper of Vehumet
  1064 | D        | Noticed a big fish
  1064 | D        | Noticed a big fish
  1065 | D        | Killed a plague shambler
  1065 | D        | Reached skill level 10 in Conjurations
  1066 | D        | Noticed a big fish
  1068 | D        | Noticed a big fish
  1071 | D        | Noticed a shark
  1087 | D        | Noticed a big fish
  1087 | D        | Noticed a big fish
  1184 | D        | Killed a polar bear
  1184 | D        | Reached XP level 9. HP: 52/52 MP: 17/28
  1245 | D        | Noticed a kraken
  1246 | D        | Killed a big fish
  1246 | D        | Acquired Vehumet's first power
  1246 | D        | Offered knowledge of Sandblast by Vehumet.
  1248 | D        | Killed a big fish
  1279 | D        | Killed a big fish
  1283 | D        | Killed a big fish
  1767 | D        | Bought a choko for 5 gold pieces
  1767 | D        | Bought a meat ration for 52 gold pieces
  1767 | D        | Bought a choko for 5 gold pieces
  1767 | D        | Bought a snozzcumber for 5 gold pieces
  1772 | D        | Bought a bread ration for 52 gold pieces
  1772 | D        | Bought a bread ration for 52 gold pieces
  1900 | D        | Mangled by a tentacle

Action                   |  1- 3 |  4- 6 |  7- 9 || total
-------------------------+-------+-------+-------++-------
Melee: Unarmed           |     3 |       |       ||     3
 Cast: Flame Tongue      |     3 |    15 |    37 ||    55
       Sticky Flame      |       |     1 |     7 ||     8
       Fireball          |       |       |    27 ||    27
  Use: Potion            |     1 |     2 |       ||     3
       Scroll            |       |       |     1 ||     1
